 Dungeon Crawl Stone Soup version 0.29.0-11-gd7f09526c8 (webtiles) character file.

Game seed: 7675589860088434170

11 Powertoast the Cudgeller (level 2, 29/29 HPs)
             Began as a Troll Berserker on Sept 4, 2022.
             Was a Follower of Trog.
             Quit the game on level 1 of the Dungeon.
             The game lasted 00:01:45 (258 turns).

Powertoast the Cudgeller (Troll Berserker)           Turns: 258, Time: 00:01:46

Health: 29/29      AC:  4    Str: 24    XL:     2   Next: 13%
Magic:  1/1        EV: 10    Int:  3    God:    Trog [*.....]
Gold:   21         SH:  0    Dex:  9    Spells: 1/1 levels left

rFire   . . .      SeeInvis .   a - +0 mace
rCold   . . .      Faith    .   (no shield)
rNeg    . . .      Spirit   .   b - +0 animal skin
rPois   .          Reflect  .   (helmet restricted)
rElec   .          Harm     .   (no cloak)
rCorr   .          Rampage  .   (gloves unavailable)
Will    .....                   (boots unavailable)
Stlth   +.........              e - amulet of the acrobat
HPRegen 0.89/turn               (no ring)
MPRegen 0.07/turn               (no ring)

@: no status effects
A: large, unfitting armour, claws 3, regeneration 1, shaggy fur 1, tough skin 1
a: Renounce Religion, Berserk


You were on level 1 of the Dungeon.
You worshipped Trog.
Trog was aware of your devotion.
You visited 1 branch of the dungeon, and saw 1 of its levels.

You collected 21 gold pieces.

Inventory:

Hand Weapons
 a - a +0 mace (weapon)
Armour
 b - a +0 animal skin (worn)
Jewellery
 e - an amulet of the acrobat (around neck)
 f - an amulet of reflection
Scrolls
 c - a scroll of immolation {unknown}
 d - a scroll of summoning {unknown}
 g - a scroll of acquirement {unknown}


   Skills:
 - Level 2.4 Fighting
 + Level 3.3 Maces & Flails
 - Level 2.4 Dodging


You had one spell level left.
You didn't know any spells.
Your spell library was empty.

Dungeon Overview and Level Annotations

Branches:
Dungeon (1/15)

Altars:


Innate Abilities, Weirdness & Mutations

You are too large for most types of armour.
You have claws for hands.
Your natural rate of healing is unusually fast.
You are covered in fur. (AC +1)
You have tough skin. (AC +1)


Message History

You see here a +0 club.
You open the door.
There is an open door here.
g - a scroll labelled RAMUVUVIOG You open the door.
A frilled lizard comes into view.
Found a leather armour.
A frilled lizard is nearby!
There is an open door here.
A quokka comes into view.
You hit the frilled lizard.
You kill the frilled lizard!
Trog accepts your kill.
You hit the quokka.
The quokka is severely wounded.
The quokka bites you.
You miss the quokka.
The quokka is severely wounded.
The quokka closely misses you.
The quokka bites you but does no damage.
You completely miss the quokka.
The quokka is severely wounded.
The quokka bites you but does no damage.
You miss the quokka.
The quokka is severely wounded.
The quokka closely misses you. The quokka bites you.
You barely miss the quokka.
The quokka is severely wounded.
The quokka closely misses you.
You thump the quokka!
You kill the quokka!
Trog accepts your kill.
Welcome back, Powertoast the Troll Berserker.
Trog says: Kill them all!
Press ? for a list of commands and other information.
Save game and exit?
Welcome back, Powertoast the Troll Berserker.
Trog says: Kill them all!
Press ? for a list of commands and other information.
Are you sure you want to abandon this character and quit the game? (Confirm with "yes".)

###'####
#......###### ..#
#...........# ..+
#...†.......###....#
###'##..).......#..#
....#######.#####..#
# ##### #####'##
..#.#
#......####....#
+......'..@.[#
#......#####....#
........## #....
........# ###
........# ♣♣
#####+###
.♣##............#
♣.##............#
..##............#
#~♣P~~P.P~ ♣~


There were no monsters in sight!

Vanquished Creatures
  2 ball pythons (D:1)
  A giant cockroach (D:1)
  3 goblins (D:1)
  A hobgoblin (D:1)
  A quokka (D:1)
  A bat (D:1)
  A frilled lizard (D:1)
10 creatures vanquished.

Notes
Turn   | Place    | Note
-------+----------+-------------------------------------------
     0 | D:1      | Powertoast the Troll Berserker began the quest for the Orb.
     0 | D:1      | Reached XP level 1. HP: 22/22 MP: 0/0
    68 | D:1      | Reached skill level 3 in Maces & Flails
   110 | D:1      | Found a faded altar of an unknown god.
   167 | D:1      | Reached XP level 2. HP: 29/29 MP: 1/1
   258 | D:1      | Quit the game

Illustrated notes

Levels and vault maps discovered:
D:1:      lightli_arrival_farm, layout_basic,
          shapermc_ecumenical_altar_totnotflames

Skill      XL: |  1 |
---------------+----+-----
Maces & Flails | 3 |  3.3
Fighting       | |  2.4
Dodging        | |  2.4

Action                   || total
-------------------------++-------
Melee: Mace              ||    23
Armor: Animal skin       ||     8
Dodge: Dodged            ||    25
